 Dungeon Crawl Stone Soup version 0.31-a0-931-g7b59d4eb97 (webtiles) character file.

Game seed: 15912262832309787217

1104096 protoss039 the Skinwalker (level 27, -15/296 HPs)
             Began as a Demonspawn Earth Elementalist on Oct 16, 2023.
             Was the Champion of Vehumet.
             Demolished by Mennas
             ... wielding a +4 trishula of holy wrath
              (22 damage)
             ... in Pandemonium on Oct 19, 2023.
             The game lasted 11:31:53 (91691 turns).

protoss039 the Skinwalker (DsEE)                   Turns: 91691, Time: 11:31:55

Health: -15/296    AC: 22    Str: 24    XL:     27
Magic:  0/50       EV: 12    Int: 37    God:    Vehumet [******]
Gold:   9234       SH: 12    Dex: 12    Spells: 15/73 levels left

rFire   + . .        x - +3 double sword of Boatoasi {spect, rC+ rCorr Str+9 Dex-5}
rCold   + + +        X - +3 warlock's mirror {omnireflect}
rNeg    + + +        i - +4 ring mail of Vitt {rC+ Dex+3 SInv}
rPois   ∞            (helmet unavailable)
rElec   +            H - scarf {rC+ rF+}
rCorr   +            R - +2 pair of gloves {Str+3}
SInv    +            V - +2 pair of boots {Stlth+}
Will    +++..        j - amulet "Tud Edgh" {Fragile rN+ Regen+ Int+4}
Stlth   +            y - ring of the Mage {Wiz Archmagi}
HPRegen 5.49/turn    a - ring "Sododos" {rElec rCorr Int+6}
MPRegen 0.64/turn

%: reflection, guardian spirit, wizardry (x1), archmagi
@: about to teleport, death-form, glowing, studying 5 skills
A: vile attack, torment immunity, no potions, horns 3, powered by death 3,
robust 3, magic shield, magic regeneration, magic link, (sanguine armour 3)
}: 10/15 runes: barnacled, slimy, silver, golden, icy, bone, abyssal, demonic,
dark, gossamer
a: Siphon Essence, Begin Untransformation, Renounce Religion


You were in Pandemonium.
You worshipped Vehumet.
Vehumet was exalted by your worship.
You were an undying horror.
You visited 17 branches of the dungeon, and saw 80 of its levels.
You visited Pandemonium 1 time, and saw 11 of its levels.
You visited the Abyss 1 time.
You visited 1 bazaar.
You visited 1 ziggurat, and saw 12 of its levels.
You also visited: Trove, Gauntlet and Ice Cave.

You collected 16809 gold pieces.
You spent 7575 gold pieces at shops.

Inventory:

Hand Weapons
 x - the +3 double sword of Boatoasi (weapon) {spect, rC+ rCorr Str+9 Dex-5}
   (You found it on level 7 of a ziggurat)

   Str+9:     It affects your strength (+9).
   Dex-5:     It affects your dexterity (-5).
   rC+:       It protects you from cold.
   rCorr:     It protects you from acid and corrosion.
Missiles
 z - 26 silver javelins (quivered)
 U - 10 throwing nets
Armour
 i - the +4 ring mail of Vitt (worn) {rC+ Dex+3 SInv}
   (You found it on level 3 of the Depths)

   Dex+3:     It affects your dexterity (+3).
   rC+:       It protects you from cold.
   SInv:      It lets you see invisible.
 u - a +2 cloak of willpower
 H - a scarf of resistance (worn)
 K - +10 storm dragon scales
 R - a +2 pair of gloves of strength (worn)
 V - a +2 pair of boots of stealth (worn)
 X - the +3 warlock's mirror (worn) {omnireflect}
   (You found it on level 12 of the Dungeon)

   Omnireflect: It can block and reflect piercing ranged attacks and magical
   attacks against the wielder's willpower.
Magical Staves
 b - the staff of Joyful Slaughter {rF+ rN+ Will+ Necro}
   (You found it on level 5 of the Vaults)

   [staff of death]

   Base accuracy: +5 Base damage: 5 Base attack delay: 1.2 This weapon's minimum
   attack delay (0.6) is reached at skill level 12.
   rF+:       It protects you from fire.
   rN+:       It protects you from negative energy.
   Will+:     It increases your willpower.
   Necro:     It increases the power of your Necromancy spells.
   It falls into the 'Staves' category.
   It is a one-handed weapon.
 W - the staff "Naruebal" {Str+2 Conj Air}
   (You found it on level 3 of the Tomb of the Ancients)

   [staff of conjuration]

   Base accuracy: +5 Base damage: 5 Base attack delay: 1.2 This weapon's minimum
   attack delay (0.6) is reached at skill level 12.
   Str+2:     It affects your strength (+2).
   Conj:      It increases the power of your Conjurations spells.
   Air:       It increases the power of your Air spells.
   It falls into the 'Staves' category.
   It is a one-handed weapon.
Jewellery
 a - the ring "Sododos" (right hand) {rElec rCorr Int+6}
   (You found it on level 3 of the Depths)

   [ring of intelligence]

   Int+6:     It affects your intelligence (+6).
   rElec:     It insulates you from electricity.
   rCorr:     It protects you from acid and corrosion.
 d - the ring of Acioruimeo {Int+2 SInv}
   (You found it on level 7 of Tartarus)

   [ring of see invisible]

   Int+2:     It affects your intelligence (+2).
   SInv:      It lets you see invisible.
 j - the amulet "Tud Edgh" (around neck) {Fragile rN+ Regen+ Int+4}
   (You bought it in a shop on level 2 of the Elven Halls)

   [amulet of regeneration]

   Int+4:     It affects your intelligence (+4).
   rN+:       It protects you from negative energy.
   Regen+:    It increases your rate of health regeneration.
   Fragile:   It will be destroyed if unequipped.
 y - the ring of the Mage (left hand) {Wiz Archmagi}
   (You found it on level 5 of the Pits of Slime)

   [ring of wizardry]

   Wiz:       It improves your spell success rate.
   Archmagi:  It increases the power of your magical spells.
 A - the ring of Sophism {Fly rPois rF+ Str+8 Slay-2}
   (You found it on level 5 of the Pits of Slime)

   [ring of protection from fire]

   Str+8:     It affects your strength (+8).
   Slay-2:    It affects your accuracy & damage with ranged weapons and melee
   (-2).
   rF+:       It protects you from fire.
   rPois:     It protects you from poison Fly: It grants you flight.
 E - the ring of the Fool {rElec rPois AC+4 Str+3}
   (You found it on level 3 of the Tomb of the Ancients)

   [ring of protection]

   AC+4:      It affects your AC (+4).
   Str+3:     It affects your strength (+3).
   rElec:     It insulates you from electricity.
   rPois:     It protects you from poison
 F - the amulet "Neaqyjox" {RegenMP rC+ Dex+2 Slay-3}
   (You found it on level 8 of the Dungeon)

   [amulet of magic regeneration]

   RegenMP:   It increases your rate of magic regeneration.
   Dex+2:     It affects your dexterity (+2).
   Slay-3:    It affects your accuracy & damage with ranged weapons and melee
   (-3).
   rC+:       It protects you from cold.
Talismans
 v - a talisman of death (active)
Wands
 k - a wand of roots (97)
 r - a wand of acid (19)
 G - a wand of digging (51)
Scrolls
 c - 4 scrolls of butterflies
 e - 12 scrolls of fear
 f - 10 scrolls of fog
 l - 4 scrolls of revelation
 o - 33 scrolls of teleportation
 w - 5 scrolls of amnesia
 I - 13 scrolls of immolation
 S - 4 scrolls of enchant armour
 Z - 2 scrolls of torment
Potions
 g - 26 potions of curing
 m - 8 potions of resistance
 n - 8 potions of invisibility
 p - 13 potions of heal wounds
 q - 10 potions of cancellation
 D - 4 potions of haste
 L - 6 potions of magic
 O - 13 potions of mutation
 Q - 3 potions of ambrosia
 T - 10 potions of might
 Y - 9 potions of brilliance
Miscellaneous
 s - a figurine of a ziggurat
 N - a phantom mirror (inert)


   Skills:
 - Level 21.0 Fighting
 - Level 6.0 Long Blades
 - Level 8.3 Throwing
 + Level 22.3 Armour
 - Level 3.0 Dodging
 - Level 3.0 Stealth
 + Level 20.3 Shields
 * Level 23.9 Spellcasting
 + Level 17.3 Conjurations
 - Level 3.0 Necromancy
 - Level 3.0 Transmutations
 + Level 17.0 Fire Magic
 + Level 8.2 Ice Magic
 - Level 3.0 Air Magic
 - Level 21.0 Earth Magic
 - Level 3.0 Poison Magic
 - Level 6.0 Evocations
 - Level 24.0 Shapeshifting


You had 15 spell levels left.
You knew the following spells:

 Your Spells              Type           Power      Damage    Failure   Level
a - Irradiate             Conj/Tmut      54%        3d29      1%          5
b - Passwall              Tmut/Erth      96%        N/A       0%          2
e - Fire Storm            Conj/Fire      65%        8d17      7%          9
f - Ignition              Fire           65%        3d17      1%          8
g - Shatter               Erth           70%        3d51*     1%          9
h - Freezing Cloud        Conj/Ice/Air   53%        6-21      1%          5
i - Borgnjor's Vile Clut  Necr/Erth      58%        N/A       1%          5
j - Lehudib's Crystal Sp  Conj/Erth      68%        10d15     1%          8
k - Orb of Destruction    Conj           65%        9d15      1%          7

Your spell library contained the following spells:

 Spells                   Type           Power      Damage    Failure   Level
 Magic Dart               Conj           100%       1d8       0%          1
 Sandblast                Erth           100%       2d20      0%          1
 Shock                    Conj/Air       100%       1d9       0%          1
 Searing Ray              Conj           100%       2d8       0%          2
 Static Discharge         Conj/Air       100%       2-7/arc   0%          2
 Stone Arrow              Conj/Erth      100%       3d13      0%          3
 Brom's Barrelling Bould  Conj/Erth      100%       2d11      0%          4
 Flame Wave               Conj/Fire      100%       2d21      0%          4
 Sticky Flame             Conj/Fire      100%       2d11      0%          4
 Fireball                 Conj/Fire      65%        3d25      0%          5
 Iskenderun's Battlesphe  Conj           100%       2d15      0%          5
 Lee's Rapid Deconstruct  Erth           70%        3d32*     0%          5
 Apportation              Tloc           100%       N/A       1%          1
 Necrotise                Necr           100%       1d9       1%          1
 Slow                     Hex            100%       N/A       1%          1
 Sting                    Tmut/Pois      100%       1d8       1%          1
 Summon Small Mammal      Summ           100%       N/A       1%          1
 Blink                    Tloc           100%       N/A       1%          2
 Call Imp                 Summ           100%       N/A       1%          2
 Cigotuvi's Dreadful Rot  Necr/Pois/Air  100%       N/A       1%          2
 Jinxbite                 Hex            100%       N/A       1%          2
 Lesser Beckoning         Tloc           100%       N/A       1%          2
 Poisonous Vapours        Pois/Air       100%       N/A       1%          2
 Sublimation of Blood     Necr           79%        N/A       1%          2
 Wereblood                Tmut           79%        N/A       1%          2
 Call Canine Familiar     Summ           61%        N/A       1%          3
 Confusing Touch          Hex            61%        N/A       1%          3
 Dazzling Flash           Conj/Hex       100%       N/A       1%          3
 Gell's Gravitas          Tloc           61%        N/A       1%          3
 Ignite Poison            Fire/Tmut/Pois 100%       N/A       1%          3
 Inner Flame              Hex/Fire       100%       N/A       1%          3
 Mephitic Cloud           Conj/Pois/Air  100%       N/A       1%          3
 Ozocubu's Armour         Ice            100%       N/A       1%          3
 Sigil of Binding         Hex            61%        N/A       1%          3
 Summon Guardian Golem    Hex/Summ       61%        N/A       1%          3
 Teleport Other           Tloc           61%        N/A       1%          3
 Tukima's Dance           Hex            61%        N/A       1%          3
 Vampiric Draining        Necr           79%        2d11      1%          3
 Volatile Blastmotes      Fire/Tloc      100%       2d18      1%          3
 Airstrike                Air            39%        2d(6-22)  1%          4
 Animate Armour           Summ/Erth      100%       N/A       1%          4
 Animate Dead             Necr           79%        N/A       1%          4
 Dispel Undead            Necr           79%        3d26      1%          4
 Fulminant Prism          Conj/Hex       52%        3d22      1%          4
 Iskenderun's Mystic Bla  Conj/Tloc      100%       2d19      1%          4
 Leda's Liquefaction      Hex/Erth       55%        N/A       1%          4
 Olgreb's Toxic Radiance  Pois           79%        N/A       1%          4
 Petrify                  Tmut/Erth      100%       N/A       1%          4
 Summon Ice Beast         Ice/Summ       84%        N/A       1%          4
 Summon Lightning Spire   Summ/Air       70%        N/A       1%          4
 Vhi's Electric Charge    Tloc/Air       100%       N/A       1%          4
 Arcjolt                  Conj/Air       54%        1d64      1%          5
 Metabolic Englaciation   Hex/Ice        42%        N/A       1%          5
 Yara's Violent Unravell  Hex/Tmut       35%        3d14      1%          5
 Bombard                  Conj/Erth      68%        9d11      1%          6
 Conjure Ball Lightning   Conj/Air       54%        3x3d20    1%          6
 Starburst                Conj/Fire      65%        6d17      1%          6
 Spellforged Servitor     Conj/Summ      52%        N/A       1%          7
 Cause Fear               Hex            30%        N/A       2%          4
 Dimensional Bullseye     Hex/Tloc       30%        N/A       2%          4
 Manifold Assault         Tloc           61%        N/A       2%          4
 Passage of Golubria      Tloc           61%        N/A       2%          4
 Agony                    Necr           79%        N/A       2%          5
 Alistair's Intoxication  Tmut/Pois      52%        N/A       2%          5
 Ozocubu's Refrigeration  Ice            51%        4d18      2%          7
 Eringya's Noxious Bog    Tmut/Pois      39%        4d6       3%          6
 Silence                  Hex/Air        35%        N/A       4%          5
 Simulacrum               Ice/Necr       45%        N/A       4%          6
 Summon Forest            Summ/Tloc      30%        N/A       8%          5
 Summon Mana Viper        Hex/Summ       61%        N/A       8%          5
 Death Channel            Necr           39%        N/A       12%         6
 Dispersal                Tloc           30%        N/A       38%         6
 Summon Cactus Giant      Summ           30%        N/A       38%         6
 Chain Lightning          Conj/Air       54%        3d72      65%         9
 Maxwell's Capacitive Co  Air            39%        ∞         71%         8
 Haunt                    Necr/Summ      35%        N/A       75%         7
 Polar Vortex             Ice            51%        12d6*     86%         9
 Borgnjor's Revivificati  Necr           39%        N/A       99%         8
 Infestation              Necr           39%        N/A       99%         8
 Disjunction              Tloc           30%        N/A       100%        8
 Death's Door             Necr           39%        N/A       100%        9
 Dragon's Call            Summ           30%        N/A       100%        9


Dungeon Overview and Level Annotations

Branches:
Dungeon (15/15) Zot: 23596  Temple (1/1) D:4 Zot: 5985    Lair (5/5) D:9 Zot: 22795
 Shoals (4/4) Lair:2 Zot: 19532  Spider (4/4) Lair:2 Zot: 18959   Slime (5/5) Lair:4 Zot: 26534
    Orc (2/2) D:12 Zot: 10638     Elf (3/3) Orc:2 Zot: 13496  Vaults (5/5) D:14 Zot: 20041
  Crypt (3/3) Vaults:3 Zot: 12708    Tomb (3/3) Crypt:3 Zot: 16276  Depths (4/4) D:15 Zot: 12103
   Hell (visited)             Dis (7/7) Hell Zot: 26471     Geh (0/7) Hell
    Coc (7/7) Hell Zot: 26471     Tar (7/7) Hell Zot: 26471     Zot (5/5) Depths:4 Zot: 18225
  IceCv (visited)         Gauntlet (visited)

Altars:
Ashenzari
Cheibriados
Dithmenos
Fedhas
Gozag
Hepliaklqana
Kikubaaqudgha
Makhleb
Nemelex Xobeh
Okawaru
Qazlal
Ru
Sif Muna
Trog
Uskayaw
Vehumet
Wu Jian
Xom
Yredelemnul
Jiyva

Shops:
D:12 [   D:13 *   Orc:2 (==(   Elf:1 !   Elf:2 **   Elf:3 ?[*   Shoals:2 *
Shoals:3 [   Vaults:3 *   Depths:1 :   Depths:2 *   Depths:4 !

Portals:
Hell: Depths:1 Depths:2 Depths:3 Depths:4
Abyss: Depths:3
Pandemonium: Depths:2

Annotations:
Lair:3 2 transporters, t4s4d4r's ghost, journeyman DEEE
Depths:3 1 exclusion
Zot:2 exclusions: 3 doors and 3 more exclusions
Zot:4 1 exclusion
Pan Mennas


Innate Abilities, Weirdness & Mutations

You are an undying horror.
Your melee and unarmed attacks drain, slow and weaken victims.
You are immune to unholy pain and torment.
You cannot drink.
You are immune to poison.
You have a pair of large horns on your head.
You regenerate a lot of health from kills.
You are extremely robust. (+30% HP)
When hurt, damage is shared between your health and your magic reserves.
You regenerate magic rapidly.
When low on magic, you restore magic in place of health.
((When seriously injured, your blood forms very thick armour. (AC +0)))


Message History

* * * LOW HITPOINT WARNING * * *
Nanax freezes you.
* * * LOW HITPOINT WARNING * * *
The demonspawn blood saint conjures a destructive force in the name of Makhleb!
The fireball explodes!
The fireball engulfs you. You resist.
* * * LOW HITPOINT WARNING * * *
The fireball engulfs Nanax.
Nanax completely resists.
The mass of ice explodes!
The iceblast engulfs you!! You partially resist.
* * * LOW HITPOINT WARNING * * *
The iceblast engulfs Nanax!!
Nanax partially resists.
The demonspawn blood saint calls on the powers of chaos!
The sun demon suddenly seems more agile.
Mennas suddenly seems more agile.
The sun demon's willpower is stripped away.
The balrug seems to speed up.
Unknown command.
Okay, then.
Okay, then.
You cannot drink potions in your current state!
Okay, then.
Okay, then.
Okay, then.
Press: ? - help, v - describe, . - travel The floor.
This square is lit by a halo.
Okay, then.
Okay, then.
Aiming: Phantom Mirror
Press: ? - help, Dir - move target, f - Mennas
Aim: Mennas, wielding a +4 trishula of holy wrath and wearing a +0 tower shield (lightly wounded, berserk, strong, unusually agile, haloed)
You reflect Mennas with the mirror!
The mirror clouds!
Mennas misses the demonspawn blood saint.
Mennas hits the demonspawn blood saint with a +4 trishula of holy wrath!
The demonspawn blood saint convulses!
Mennas hits you from afar with a +4 trishula of holy wrath!
* * * LOW HITPOINT WARNING * * *
You convulse!
* * * LOW HITPOINT WARNING * * *
Mennas hits you from afar with a +4 trishula of holy wrath!!
You die...

#######..######
......#........ .
#....#.......^
..#....#........#
...∩..#.........#
#...#..[........#
....3...........###
..#...#&z..........
.§§...A'...........
#.#.§A.............
..2.6..3.........^.
...61........§.....
.............§§....
.............)§....
..............☼....
#......#...........


You could see Nanax (strong, resistant), Mennas (berserk, strong, agile), a
Brimstone Fiend (strong, agile), 2 demonspawn blood saints, a balrug (fast,
agile), 2 sun demons and the friendly Mennas (summoned, berserk, strong, agile,
drained).

Vanquished Creatures
  Antaeus (Coc:7)
  the Royal Jelly (Slime:5)
  Ereshkigal (Tar:7)
  Gloorx Vloq (Pan)
  3 orbs of fire (Zot:5)
  7 dread liches
  Khufu (Crypt:1)
  5 ancient liches
  A juggernaut (Zot:5)
  30 royal mummies
  Boris (thrice) (Crypt:1 Tomb:1 Tomb:2)
  5 Killer Klowns
  16 shard shrikes
  Xtahua (Vaults:2)
  Margery (Vaults:2)
  4 curse toes
  Saint Roka (Crypt:1)
  5 caustic shrikes
  Geryon (Hell)
  Nikola (Depths:1)
  7 golden dragons
  8 profane servitors
  Norris (Vaults:2)
  6 pandemonium lords
  17 bone dragons
  Jory (Depths:4)
  19 Tzitzimimeh
  4 doom hounds
  6 Brimstone Fiends
  2 electric golems (Zot:5)
  4 iron giants
  5 hellephants
  20 Ice Fiends
  26 tentacled monstrosities
  11 Hell Sentinels
  2 spectral shard shrikes
  A walking crystal tome (Depths:4)
  25 Orb Guardians
  Jorgrun (Orc:1)
  22 tainted leviathans
  A walking earthen tome (Depths:4)
  17 titans
  A deep elf master archer (Elf:3)
  A searing wretch (Zig:6)
  4 deep elf blademasters (Elf:3)
  16 liches
  5 quicksilver dragons
  Asterion (Spider:2)
  25 ancient champions
  6 krakens
  11 tentacled starspawn
  10 death cobs
  13 shadow dragons
  25 Executioners
  18 acid blobs
  11 sphinxes
  6 storm dragons
  12 azure jellies
  3 tengu reavers
  9 demonspawn warmongers
  Aizul (Spider:3)
  8 revenants
  Kirke (Lair:5)
  Roxanne (D:15)
  9 rockslimes (Slime:5)
  6 draconian monks
  2 daevas (Abyss:1)
  22 narguns
  18 vault wardens
  13 balrugs
  8 draconian knights
  2 deep elf elementalists
  8 fire giants
  9 quicksilver elementals
  18 frost giants
  5 iron dragons
  6 emperor scorpions
  3 draconian shifters
  3 draconian scorchers
  A spectral juggernaut (Tar:2)
  3 orc warlords
  7 deep elf sorcerers
  5 spectral caustic shrikes
  6 shard shrike simulacra
  6 curse skulls
  12 ghost moths
  10 cacodemons
  18 ironbound preservers
  3 draconian stormcallers
  4 formless jellyfish
  5 demonspawn corrupters
  7 draconian annihilators
  8 vampire knights
  6 demonspawn blood saints (Pan)
  8 war gargoyles
  24 very ugly things
  3 ghouls
  24 reapers
  15 stone giants
  8 ironbound thunderhulks
  10 quicksilver oozes
  3 broodmothers
  22 elemental wellsprings
  7 deep elf demonologists
  An eleionoma (shapeshifter) (Zig:12)
  4 demonspawn black suns (Pan)
  22 purple draconians
  14 red draconians
  9 white draconians
  17 green draconians
  10 yellow draconians
  Azrael (D:15)
  23 wendigos
  15 black draconians
  4 minotaurs
  16 lorocyprocas
  26 putrid mouths
  10 bennus
  18 dire elephants
  9 spark wasps
  13 deep elf annihilators (Elf:3)
  7 iron golems
  5 eidola
  9 blizzard demons
  2 crystal guardians
  10 fire dragons
  4 spectral elves (Elf:3)
  6 great orbs of eyes
  23 mummy priests
  2 entropy weavers
  5 merfolk impalers
  A spectral spriggan (Tar:1)
  6 merfolk javelineers
  9 ettins
  6 green deaths
  2 spectral quicksilver dragons
  12 jiangshi
  7 deep elf death magi
  8 deep elf high priests
  18 yaktaur captains
  3 rakshasas
  2 jorogumos
  2 peacekeepers
  30 vault guards
  9 ice dragons
  2 hell beasts
  11 ironbound frosthearts
  15 caustic shrike simulacra
  5 spriggan air magi
  3 merfolk aquamancers
  A sphinx zombie (Hell)
  4 spriggan skeletons
  8 hydras
  6 death knights
  11 juggernaut simulacra
  2 ogre magi (Orc:2)
  8 centaur warriors
  A spectral stone giant (Tar:6)
  10 two-headed ogres
  10 tengu warriors
  A bennu zombie (Crypt:2)
  Erica (Lair:1)
  A ghost crab (Gauntlet)
  5 merfolk avatars
  A fenstrider witch skeleton (Crypt:2)
  2 alligator snapping turtles
  87 death scarabs
  2 radroaches (Spider:3)
  7 boulder beetles
  3 deep troll shamans
  3 hell hogs (Hell)
  27 dancing weapons
  2 orc high priests (Zig:9)
  15 satyrs
  6 vampire magi
  22 demonic crawlers
  An azure jelly zombie (Crypt:2)
  7 spriggan berserkers
  Urug (Lair:3)
  A shock serpent (shapeshifter) (Elf:1)
  25 soul eaters
  43 sun demons
  A titan zombie (Tomb:3)
  18 hell knights
  7 deep troll earth magi
  7 thrashing horrors
  An emperor scorpion zombie (Crypt:1)
  18 deep elf knights
  6 pharaoh ants
  20 sixfirhies
  6 iron trolls
  2 titan skeletons
  A bunyip zombie (Crypt:2)
  4 crystal echidnas
  A golden dragon zombie (Hell)
  43 skeletal warriors
  13 wretched stars
  10 sea snakes
  8 skysharks
  2 spatial maelstroms (Abyss:3)
  Lodul (D:11)
  2 spectral anacondas
  2 arcanists
  8 glowing orange brains
  2 bog bodies (IceCv)
  A spriggan druid (Zig:8)
  A swamp dragon (Abyss:3)
  64 deep trolls
  38 shadow wraiths
  2 quicksilver dragon simulacra
  11 orb spiders
  A spectral hydra (Tar:7)
  18 shadow demons (Pan)
  A steelbarb worm (shapeshifter) (Depths:4)
  2 orange crystal statues
  12 flayed ghosts
  A shadow dragon zombie (Crypt:2)
  2 golden dragon skeletons
  11 deep elf archers
  5 lindwurms
  2 bunyip skeletons
  An anaconda zombie (Tomb:2)
  8 necromancers
  18 phantasmal warriors
  17 harpies
  8 occultists (D:12)
  An iron giant skeleton (Pan)
  A fenstrider witch simulacrum (Crypt:3)
  12 ironbound convokers
  5 steelbarb worms
  3 orc knights
  19 deep elf zephyrmancers
  13 ugly things
  An orc sorcerer (Zig:9)
  An oklob plant (Lair:5)
  24 deep elf pyromancers
  20 fauns
  2 anaconda skeletons
  6 shining eyes
  11 wolf spiders
  26 manticores
  2 mana vipers (shapeshifter)
  3 fire giant zombies (Hell)
  13 elephants
  7 worldbinders
  8 cyclopes
  Joseph (Lair:1)
  2 centaur zombies
  A moth of wrath (shapeshifter) (Vaults:5)
  31 moths of wrath
  A black mamba (shapeshifter) (Abyss:3)
  5 black mambas
  6 merfolk sirens
  4 ice statues
  7 rust devils
  39 smoke demons
  7 apocalypse crabs
  3 gargoyles
  3 titan simulacra
  18 vault sentinels
  9 water nymphs
  2 eyes of devastation
  4 centaur skeletons
  10 torpor snails
  18 cane toads
  3 molten gargoyles (Hell)
  18 orange demons
  A kobold demonologist (Abyss:1)
  39 hellions
  8 unseen horrors
  6 rime drakes
  Psyche (D:11)
  A purple draconian zombie (Crypt:1)
  4 dire elephant skeletons (Pan)
  A storm dragon simulacrum (Coc:2)
  3 spriggan zombies
  30 yaktaurs
  5 efreet
  10 freezing wraiths
  3 ancient zymes
  14 komodo dragons
  An alligator snapping turtle skeleton (Pan)
  2 bunyip simulacra
  18 tormentors
  4 anaconda simulacra
  46 guardian mummies
  4 iron giant simulacra
  5 ice devils
  A spectral harpy (Tar:1)
  4 tengu conjurers
  A sea snake skeleton (Crypt:1)
  A shadow dragon simulacrum (Crypt:2)
  7 red devils
  A grey draconian skeleton (Crypt:1)
  A troll (shapeshifter) (D:13)
  9 hellwings
  7 meliai
  37 merfolk
  The ghost of Syrassil the Slasher, an amateur DgGl (D:4)
  22 hornets
  28 tarantellas
  2 harpy zombies
  5 harpy skeletons
  13 polar bears
  6 wind drakes
  4 tyrant leeches (Lair:5)
  A tengu simulacrum (Depths:2)
  18 trolls
  19 raiju
  15 blink frogs
  A moth of wrath zombie (Crypt:2)
  9 snapping turtles
  4 stone giant simulacra
  2 ettin zombies
  54 large abominations
  An ice dragon zombie (Tomb:3)
  20 culicivoras
  72 slime creatures
  49 yaks
  22 water elementals
  24 jumping spiders
  A fire dragon zombie (Crypt:2)
  5 spriggans
  4 air elementals
  A satyr skeleton (Crypt:2)
  83 flying skulls
  5 shadows
  5 wyverns
  12 wraiths
  41 ynoxinuls
  5 fire elementals
  14 ushabtiu
  3 hogs (Lair:5)
  10 dire elephant simulacra
  A black mamba skeleton (Pan)
  7 fire bats
  12 humans
  An alligator snapping turtle simulacrum (Coc:1)
  Grum (Lair:1)
  36 redbacks
  7 basilisks
  22 chaos spawn
  7 golden eyes (Zot:2)
  A steam dragon (Lair:5)
  6 death yak simulacra (IceCv)
  7 vampire mosquitoes
  12 neqoxecs
  9 harpy simulacra
  21 water moccasins
  14 wargs
  A spatial vortex (Abyss:3)
  2 acid dragons
  16 hell hounds
  A merfolk skeleton (Crypt:1)
  2 floating eyes (shapeshifter) (Vaults:5)
  2 naga skeletons (Pan)
  5 hydra simulacra
  27 small abominations
  4 floating eyes
  A sky beast (D:5)
  A water nymph skeleton (Crypt:1)
  4 ettin simulacra
  33 orc warriors
  An ice dragon simulacrum (Hell)
  An ice beast (Coc:6)
  A merfolk simulacrum (Coc:1)
  A black mamba simulacrum (Crypt:2)
  39 ogres
  14 black bears
  7 boggarts
  11 centaurs
  26 wolves
  An elf simulacrum (Elf:3)
  2 phantoms (D:5)
  A salamander zombie (Crypt:1)
  A kobold brigand (D:4)
  4 necrophages (Crypt:3)
  22 bullfrogs
  7 earth elementals
  4 gnoll sergeants
  6 scorpions
  3 two-headed ogre simulacra (IceCv)
  2 cane toad simulacra (IceCv)
  A human simulacrum (Depths:2)
  A wyvern skeleton (Crypt:2)
  10 wights
  13 killer bees
  An elephant simulacrum (IceCv)
  An electric eel (Orc:2)
  4 howler monkeys
  A wolf zombie (Crypt:2)
  6 quasits
  5 crimson imps
  A jelly (D:4)
  11 orc priests
  77 starcursed masses
  A gnoll bouda (D:9)
  7 hounds
  2 sleepcaps
  An iguana (D:4)
  27 orc wizards
  8 hell rats
  6 troll simulacra (IceCv)
  3 polar bear simulacra (IceCv)
  9 spriggan simulacra
  2 wolf simulacra (IceCv)
  56 mummies
  Robin (D:2)
  A howler monkey skeleton (Crypt:2)
  5 adders
  29 gnolls
  6 naga simulacra
  3 shadow imps
  24 white imps
  24 ufetubi
  An adder zombie (Crypt:1)
  A lava snake skeleton (Crypt:1)
  A worm (D:5)
  75 orcs
  5 ball pythons
  3 endoplasms
  2 giant cockroaches
  7 goblins
  7 hobgoblins
  6 jackals
  5 quokkas
  A bat (D:3)
  2 frilled lizards
  A goblin zombie (Crypt:2)
  A hobgoblin skeleton (Crypt:1)
  2 kobolds
  2 rats (D:3)
  2 lurking horrors
  2 spectral weapons
  8 starspawn tentacles
  5 tentacles
4136 creatures vanquished.

Vanquished Creatures (collateral kills)
  A tengu zombie (Hell)
1 creature vanquished.

Vanquished Creatures (others)
  2 Brimstone Fiends (Pan)
  A pandemonium lord (Pan)
  An azure jelly (Coc:5)
  A fire giant (Vaults:5)
  A draconian knight (Zot:3)
  An elemental wellspring (Coc:1)
  A fire dragon (Depths:1)
  A mummy priest (Tomb:3)
  A sun demon (Pan)
  A large abomination (Pan)
  2 spriggan simulacra
  An iron giant simulacrum (Coc:3)
  A hellwing (Abyss:3)
  A guardian mummy (Tomb:3)
  A fire giant simulacrum (Depths:2)
  A snapping turtle (Zig:11)
  2 stone giant simulacra
  A fire bat (Pan)
  An alligator snapping turtle simulacrum (Coc:2)
  A small abomination (Abyss:1)
  A harpy simulacrum (Coc:1)
  An orc warrior (Crypt:1)
  An ogre (D:11)
  A naga simulacrum (Coc:3)
  20 fire vortices
  4 lurking horrors
  54 spectral weapons
  25 starspawn tentacles
  20 tentacles
150 creatures vanquished.

Grand Total: 4287 creatures vanquished

Notes
Turn   | Place    | Note
-------+----------+-------------------------------------------
     0 | D:1      | protoss039 the Demonspawn Earth Elementalist began the
                  | quest for the Orb.
     0 | D:1      | Reached XP level 1. HP: 13/13 MP: 3/3
   652 | D:2      | Gained mutation: You regenerate magic rapidly. [demonic
                  | ancestry]
   652 | D:2      | Reached XP level 2. HP: 20/20 MP: 1/5
   714 | D:2      | Reached skill level 1 in Fighting
   960 | D:2      | Noticed Robin
  1023 | D:2      | Killed Robin
  1024 | D:2      | Gained mutation: When hurt, damage is shared between your
                  | health and your magic reserves. [demonic ancestry]
  1024 | D:2      | Reached XP level 3. HP: 14/26 MP: 0/6
  1473 | D:2      | Learned a level 2 spell: Passwall
  1477 | D:2      | Learned a level 3 spell: Stone Arrow
  1679 | D:3      | Reached skill level 1 in Conjurations
  1679 | D:3      | Gained mutation: You regenerate a little health from kills.
                  | [demonic ancestry]
  1679 | D:3      | Reached XP level 4. HP: 14/33 MP: 4/8
  2087 | D:3      | Found Quekh's Magic Scroll Boutique.
  2090 | D:3      | Bought a scroll of identify for 20 gold pieces
  2090 | D:3      | Bought a scroll of identify for 20 gold pieces
  2090 | D:3      | Bought a scroll of teleportation for 30 gold pieces
  2117 | D:3      | Found an ornate altar of the Wu Jian Council.
  2222 | D:3      | Found a sparkling altar of Nemelex Xobeh.
  2597 | D:4      | Found a staircase to the Ecumenical Temple.
  2599 | D:4      | Noticed a scorpion
  2606 | D:4      | Killed a scorpion
  2607 | D:4      | Reached XP level 5. HP: 7/39 MP: 1/9
  2616 | Temple   | Entered the Ecumenical Temple
  2623 | Temple   | Became a worshipper of Vehumet
  2702 | D:4      | Noticed an ogre
  2734 | D:4      | Killed an ogre
  2854 | D:4      | Reached XP level 6. HP: 26/46 MP: 0/10
  3738 | D:4      | Found a runed translucent door.
  3738 | D:4      | Noticed Syrassil's ghost (amateur DgGl)
  3842 | D:5      | Entered Level 5 of the Dungeon
  4003 | D:5      | Gained mutation: When seriously injured, your blood forms
                  | armour. (AC +0) [demonic ancestry]
  4003 | D:5      | Reached XP level 7. HP: 43/53 MP: 3/13
  4263 | D:5      | Reached * piety under Vehumet
  4263 | D:5      | Offered knowledge of Foxfire by Vehumet.
  4264 | D:5      | Reached skill level 5 in Earth Magic
  4630 | D:5      | Reached XP level 8. HP: 49/61 MP: 4/15
  4729 | D:6      | Reached skill level 5 in Fighting
  4731 | D:6      | Reached skill level 5 in Spellcasting
  4913 | D:6      | You fall into a shaft and drop 1 floor!
  5145 | D:7      | Found a snail-covered altar of Cheibriados.
  5419 | D:6      | Gained mutation: You have a pair of small horns on your
                  | head. [demonic ancestry]
  5419 | D:6      | Reached XP level 9. HP: 71/71 MP: 16/18
  5419 | D:6      | Offered knowledge of Shock by Vehumet.
  5545 | D:6      | Reached ** piety under Vehumet
  5795 | D:6      | Found an ancient bone altar of Kikubaaqudgha.
  6086 | D:6      | Learned a level 4 spell: Olgreb's Toxic Radiance
  6090 | D:6      | Learned a level 3 spell: Ignite Poison
  6446 | D:7      | Reached skill level 1 in Poison Magic
  6734 | D:8      | Offered knowledge of Volatile Blastmotes by Vehumet.
  7145 | D:8      | Identified the amulet "Neaqyjox" {RegenMP rC+ Dex+2 Slay-3}
  7631 | D:8      | Found an opulent altar of Gozag.
  7631 | D:8      | Found a blossoming altar of Fedhas.
  7696 | D:9      | Reached skill level 1 in Transmutations
  7814 | D:9      | Reached XP level 10. HP: 80/80 MP: 18/21
  7843 | D:9      | Reached *** piety under Vehumet
  7902 | D:9      | Found a hazy altar of Hepliaklqana.
  7927 | D:9      | Noticed an elephant
  7941 | D:9      | Killed an elephant
  7942 | D:9      | Reached skill level 1 in Evocations
  8086 | D:9      | Reached skill level 1 in Armour
  8205 | D:9      | Found a staircase to the Lair.
  8388 | D:9      | Offered knowledge of Iskenderun's Mystic Blast by Vehumet.
  8508 | D:9      | Learned a level 4 spell: Iskenderun's Mystic Blast
  8529 | D:10     | Entered Level 10 of the Dungeon
  8736 | D:10     | Reached **** piety under Vehumet
  8849 | D:10     | Found a burning altar of Makhleb.
  8850 | D:10     | Found a shimmering altar of Xom.
  9219 | D:11     | Noticed Psyche
  9219 | D:11     | Noticed Lodul
  9223 | D:11     | Offered knowledge of Freezing Cloud by Vehumet.
  9225 | D:11     | Killed Psyche
  9362 | D:11     | Gained mutation: You regenerate health from kills. [demonic
                  | ancestry]
  9362 | D:11     | Reached XP level 11. HP: 62/87 MP: 9/23
  9444 | D:11     | Killed Lodul
  9445 | D:11     | Reached skill level 5 in Conjurations
  9486 | D:11     | Learned a level 5 spell: Freezing Cloud
  9497 | D:11     | Identified the +4 long sword of Havoc {holy, Int+4 Dex+4}
  9620 | D:11     | Noticed a two-headed ogre
  9627 | D:11     | Killed a two-headed ogre
  9644 | D:11     | Noticed a cyan ugly thing
  9645 | D:11     | Reached skill level 1 in Ice Magic
  9645 | D:11     | Reached skill level 1 in Air Magic
  9683 | D:11     | Noticed an eight-headed hydra
  9688 | D:11     | Killed an eight-headed hydra
  9706 | D:11     | Killed a cyan ugly thing
  9707 | D:11     | Identified the +7 falchion of Frustration {speed, rF+}
  9707 | D:11     | Noticed a death knight
  9865 | D:11     | Killed a death knight
 10016 | D:11     | Gained mutation: When low on magic, you restore magic in
                  | place of health. [demonic ancestry]
 10016 | D:11     | Reached XP level 12. HP: 96/96 MP: 21/25
 10337 | D:11     | Identified 3 scrolls of acquirement
 10340 | D:11     | Acquired a +2 cloak of willpower
 10353 | D:11     | Identified the "Eking" (You acquired it on level 11 of the
                  | Dungeon)
 10353 | D:11     | Acquired 755 gold pieces
 10354 | D:11     | Acquired a +2 buckler of fire resistance
 10376 | Gauntlet | Identified the of Fuyfuffu
 10420 | D:12     | Found a gate leading to a gauntlet.
 10432 | D:12     | Reached ***** piety under Vehumet
 10432 | D:12     | Offered knowledge of Orb of Destruction by Vehumet.
 10434 | D:12     | Reached skill level 1 in Shields
 10446 | Gauntlet | Entered a Gauntlet
 10446 | Gauntlet | Found a transporter.
 10446 | Gauntlet | Found a transporter.
 10446 | Gauntlet | Found a transporter.
 10449 | Gauntlet | Found the +3 crown of Dyrovepreva {rElec Int+2 SInv}
 10450 | Gauntlet | Found a transporter.
 10450 | Gauntlet | Found a transporter.
 10450 | Gauntlet | Found a transporter.
 10464 | Gauntlet | Found a transporter.
 10466 | Gauntlet | Found a transporter.
 10472 | Gauntlet | Noticed a ghost crab
 10474 | Gauntlet | Found a transporter.
 10480 | Gauntlet | Found a transporter.
 10498 | Gauntlet | Found a transporter.
 10502 | Gauntlet | Found a transporter.
 10898 | Gauntlet | Killed a ghost crab
 10930 | Gauntlet | Identified the ring "Voonuupn" {rPois Int+6}
 10935 | Gauntlet | Identified the +0 leather armour of the Onion {Rampage
                  | rElec Dex-2}
 11045 | Gauntlet | Identified the +6 spear "Ylucax" {antimagic, rElec Will+}
 11045 | Gauntlet | Noticed a minotaur
 11066 | Gauntlet | Killed a minotaur
 11205 | D:12     | Learned a level 7 spell: Orb of Destruction
 11432 | D:12     | Noticed a boulder beetle
 11437 | D:12     | Killed a boulder beetle
 11486 | D:12     | Reached skill level 5 in Armour
 11512 | D:12     | Reached skill level 10 in Fighting
 11621 | Lair:1   | Entered Level 1 of the Lair of Beasts
 11796 | Lair:1   | Noticed Erica
 11803 | Lair:1   | Killed Erica
 11822 | Lair:1   | Found a frozen archway.
 11873 | IceCv    | Entered an ice cave
 11897 | IceCv    | Offered knowledge of Conjure Ball Lightning by Vehumet.
 11927 | IceCv    | Reached skill level 5 in Shields
 12072 | IceCv    | Identified the amulet of Knowledge {Faith Int+4}
 12119 | IceCv    | Reached XP level 13. HP: 93/104 MP: 16/26
 12356 | IceCv    | Identified the +4 quarterstaff of Veables {heavy, rPois}
 12563 | Lair:1   | Noticed Grum
 12567 | Lair:1   | Killed Grum
 12568 | Lair:1   | Reached skill level 10 in Spellcasting
 12781 | Lair:1   | Noticed Joseph
 12787 | Lair:1   | Killed Joseph
 13192 | Lair:2   | Offered knowledge of Lee's Rapid Deconstruction by Vehumet.
 13270 | Lair:2   | Identified the +3 falchion "Hevveg" {speed, +Blink rPois
                  | Will- Int+4}
 13801 | Lair:2   | Found a staircase to the Shoals.
 14328 | Lair:2   | Found a hole to the Spider Nest.
 14881 | Lair:3   | Gained mutation: You regenerate a lot of health from kills.
                  | [demonic ancestry]
 14881 | Lair:3   | Reached XP level 14. HP: 113/113 MP: 23/29
 15189 | Lair:3   | Found a transporter.
 15196 | Lair:3   | Noticed t4s4d4r's ghost (journeyman DEEE)
 15235 | Lair:3   | Noticed Urug
 15321 | Lair:3   | Found a bloodstained altar of Trog.
 15327 | Lair:3   | Found a transporter.
 15332 | Lair:3   | Found the +18 shield of the Gong {Loud rN+ Will+ rCorr
                  | EV-5}
 15757 | Lair:3   | Learned a level 5 spell: Lee's Rapid Deconstruction
 15770 | Lair:3   | Killed Urug
 15914 | Lair:4   | Found a runed translucent door.
 15967 | Lair:4   | Offered knowledge of Arcjolt by Vehumet.
 16001 | Lair:4   | Found a shimmering altar of Xom.
 16791 | Lair:4   | Noticed an acid blob
 16793 | Lair:4   | Found a staircase to the Slime Pits.
 16816 | Lair:5   | Entered Level 5 of the Lair of Beasts
 16984 | Lair:5   | Noticed Kirke
 16995 | Lair:5   | Killed Kirke
 17226 | Lair:5   | Found a runed translucent door.
 17497 | Lair:5   | Offered knowledge of Eringya's Noxious Bog by Vehumet.
 17576 | Lair:5   | Reached skill level 10 in Conjurations
 17712 | Lair:5   | Reached XP level 15. HP: 122/122 MP: 29/31
 18220 | Lair:5   | Learned a level 3 spell: Mephitic Cloud
 18562 | D:12     | Found Cidoxziu's Antique Armour Emporium.
 18570 | D:12     | Bought a pair of glowing boots for 247 gold pieces
 18570 | D:12     | Bought a scorched leather armour for 231 gold pieces
 18570 | D:12     | Identified the +0 leather armour of Xom's Outrage {rElec
                  | rN++} (You bought it in a shop on level 12 of the Dungeon)
 18570 | D:12     | Bought a pair of glowing boots for 247 gold pieces
 18599 | D:12     | Found a staircase to the Orcish Mines.
 19248 | D:12     | Found the +3 warlock's mirror {omnireflect}
 19606 | D:13     | Found Deadosch's Assorted Antiques.
 19614 | D:13     | Bought a scroll of fear for 108 gold pieces
 19614 | D:13     | Bought a scroll of identify for 54 gold pieces
 20357 | D:14     | Offered knowledge of Spellforged Servitor by Vehumet.
 21141 | D:14     | Found a gate to the Vaults.
 21170 | D:15     | Entered Level 15 of the Dungeon
 21255 | D:15     | Noticed Azrael
 21262 | D:15     | Killed Azrael
 21629 | D:15     | Found a sparkling altar of Nemelex Xobeh.
 21673 | D:15     | Noticed an emperor scorpion
 21678 | D:15     | Killed an emperor scorpion
 21722 | D:15     | Found a staircase to the Depths.
 21783 | D:15     | Noticed Roxanne
 21793 | D:15     | Killed Roxanne
 21966 | Orc:1    | Entered Level 1 of the Orcish Mines
 21979 | Orc:1    | Found a burning altar of Makhleb.
 22143 | Orc:2    | Entered Level 2 of the Orcish Mines
 22217 | Orc:2    | Offered knowledge of Lehudib's Crystal Spear by Vehumet.
 22223 | Orc:2    | Reached XP level 16. HP: 132/132 MP: 33/33
 22224 | Orc:2    | Reached skill level 1 in Shapeshifting
 22265 | Orc:2    | Found Edefec's Weapon Boutique.
 22267 | Orc:2    | Found Qapiahan's Jewellery Emporium.
 22277 | Orc:2    | Found Sob Cax's Jewellery Shop.
 22278 | Orc:2    | Found Lileyrph's Weapon Boutique.
 22532 | Orc:2    | Found a staircase to the Elven Halls.
 22786 | Orc:2    | Reached ****** piety under Vehumet
 22839 | Orc:1    | Noticed Jorgrun
 22844 | Orc:1    | Killed Jorgrun
 22845 | Orc:1    | Reached skill level 2 in Shapeshifting
 23287 | Shoals:1 | Entered Level 1 of the Shoals
 24602 | Shoals:2 | Reached skill level 3 in Shapeshifting
 24642 | Shoals:2 | Noticed a kraken
 24642 | Shoals:2 | Noticed a kraken
 24674 | Shoals:2 | Killed a kraken
 24711 | Shoals:2 | Killed a kraken
 24712 | Shoals:2 | Reached skill level 5 in Evocations
 24784 | Shoals:2 | Noticed a kraken
 24791 | Shoals:2 | Killed a kraken
 24825 | Shoals:2 | Noticed a kraken
 25095 | Shoals:2 | Found Apuytry's General Store.
 25100 | Shoals:2 | Bought a scroll of fear for 56 gold pieces
 25100 | Shoals:2 | Bought the +6 war axe "Raimoss" {venom, rC+} for 674 gold
                  | pieces
 25251 | Shoals:2 | Killed a kraken
 25471 | Shoals:3 | Found Neamit's Armour Shop.
 25486 | Shoals:3 | Offered knowledge of Shatter by Vehumet.
 25486 | Shoals:3 | Offered knowledge of Chain Lightning by Vehumet.
 25486 | Shoals:3 | Offered knowledge of Maxwell's Capacitive Coupling by
                  | Vehumet.
 25507 | Shoals:3 | Reached skill level 10 in Armour
 26116 | Shoals:3 | Reached XP level 17. HP: 140/140 MP: 24/34
 26127 | Shoals:3 | Reached skill level 10 in Shields
 26229 | Shoals:4 | Entered Level 4 of the Shoals
 26231 | Shoals:4 | Noticed a kraken
 26242 | Shoals:4 | Killed a kraken
 26243 | Shoals:4 | Reached skill level 4 in Shapeshifting
 26377 | Shoals:4 | Noticed a sphinx
 26386 | Shoals:4 | Paralysed by a sphinx for 4 turns
 26389 | Shoals:4 | Killed a sphinx
 26733 | Shoals:4 | Identified the +3 short sword of Awkwardness {flame, Int+6}
 26739 | Shoals:4 | Reached skill level 15 in Fighting
 26886 | Shoals:4 | Identified the ring of Xom's Recklessness {Fly Dex+4}
 26894 | Shoals:4 | Noticed a kraken
 26899 | Shoals:4 | Killed a kraken
 27123 | Shoals:4 | Reached skill level 5 in Shapeshifting
 27184 | Shoals:4 | Reached skill level 10 in Earth Magic
 27491 | Shoals:4 | Got a barnacled rune of Zot
 27641 | Shoals:4 | Upgraded the game from 0.31-a0-889-g1a8549509d to
                  | 0.31-a0-920-g28cbb04a8c
 28090 | Crypt:3  | Identified the "Gufoej"
 28090 | Elf:1    | Entered Level 1 of the Elven Halls
 28157 | Elf:1    | Acquired 497 gold pieces
 28433 | Elf:1    | Identified the +2 leather armour of Unambiguity {Drain
                  | Str+5}
 28443 | Elf:1    | Found Koomegaorph's Distillery.
 28546 | Elf:1    | Bought a potion of magic for 112 gold pieces
 28546 | Elf:1    | Bought a potion of curing for 42 gold pieces
 28546 | Elf:1    | Bought 2 potions of heal wounds for 140 gold pieces
 28546 | Elf:1    | Bought a potion of ambrosia for 112 gold pieces
 28546 | Elf:1    | Bought a potion of curing for 42 gold pieces
 28727 | Elf:1    | Gained mutation: When seriously injured, your blood forms
                  | thick armour. (AC +0) [demonic ancestry]
 28727 | Elf:1    | Reached XP level 18. HP: 149/149 MP: 31/36
 29082 | Elf:2    | Found Bourih's Neck Hole.
 29562 | Elf:2    | Found Hinwuc Tokiq's General Store.
 29571 | Elf:2    | Bought a potion of ambrosia for 112 gold pieces
 29571 | Elf:2    | Bought a potion of curing for 42 gold pieces
 29571 | Elf:2    | Bought a wand of acid (8) for 470 gold pieces
 29571 | Elf:2    | Bought a potion of curing for 42 gold pieces
 29670 | Elf:2    | Found a runed translucent gate.
 29670 | Elf:2    | Found a runed translucent gate.
 29670 | Elf:2    | Found a runed translucent gate.
 29966 | Elf:2    | Reached skill level 6 in Shapeshifting
 30645 | Elf:3    | Entered Level 3 of the Elven Halls
 30666 | Elf:3    | Found Kiybameps's Armour Emporium.
 30669 | Elf:3    | Bought the -2 hat of the Alchemist {rElec rPois rF+ rC+ rN+
                  | Will+ rMut rCorr} for 802 gold pieces
 30669 | Elf:3    | Found the -2 hat of the Alchemist {rElec rPois rF+ rC+ rN+
                  | Will+ rMut rCorr}
 30790 | Elf:3    | Found Kael's Assorted Antiques.
 30798 | Elf:3    | Bought a scroll of enchant armour for 232 gold pieces
 30798 | Elf:3    | Bought a potion of magic for 248 gold pieces
 30892 | Elf:3    | Found Nienapp's Magic Scroll Shop.
 31320 | Elf:3    | Reached skill level 15 in Spellcasting
 31357 | Elf:3    | Gained mutation: You have a pair of horns on your head.
                  | [demonic ancestry]
 31357 | Elf:3    | Reached XP level 19. HP: 82/157 MP: 22/38
 31425 | Elf:3    | Identified the +5 short sword "Worm's Wrath" {heavy, MP+9}
 31425 | Elf:3    | Identified the +6 leather armour "Soczoum" {Harm Int+6
                  | Slay-3}
 31425 | Elf:3    | Identified the ring of Xom's Recklessness {rC+ rCorr Str+2}
 31701 | Elf:3    | Identified the staff "Boowa" {rF+ Str-3 Int+4 Dex+4 Fire}
 31728 | Elf:3    | Identified the +1 arbalest "Ceutuos" {speed, Will- Str+4
                  | Int+2}
 31745 | Elf:3    | Identified the +3 scale mail of Omission {rN++ MP-9}
 31996 | Elf:3    | Reached skill level 7 in Shapeshifting
 32617 | Vaults:1 | Entered Level 1 of the Vaults
 32757 | Vaults:1 | Found a flickering gateway to a bazaar.
 32785 | Bazaar   | Entered a bazaar
 32785 | Bazaar   | Found Isaushrye's Antique Armour Boutique.
 32785 | Bazaar   | Found Teurym's Antique Weapon Boutique.
 32803 | Bazaar   | Found Vagam's Book Emporium.
 32814 | Bazaar   | Found Goereobru's Magic Scroll Shop.
 32822 | Bazaar   | Found Riptijur's General Store.
 32830 | Bazaar   | Bought a potion of heal wounds for 65 gold pieces
 32871 | Bazaar   | Bought Great Wizards, Vol. II for 532 gold pieces
 32882 | Bazaar   | Bought a scroll of revelation for 82 gold pieces
 32882 | Bazaar   | Bought a scroll of amnesia for 44 gold pieces
 32882 | Bazaar   | Bought a scroll of teleportation for 33 gold pieces
 32882 | Bazaar   | Bought a scroll of amnesia for 44 gold pieces
 32882 | Bazaar   | Bought a scroll of teleportation for 33 gold pieces
 32954 | Vaults:1 | Learned a level 5 spell: Borgnjor's Vile Clutch
 33229 | Vaults:1 | Reached skill level 1 in Necromancy
 34161 | Vaults:1 | Reached skill level 8 in Shapeshifting
 35286 | Vaults:2 | Noticed Xtahua
 35292 | Vaults:2 | Killed Xtahua
 35349 | Vaults:2 | Noticed Margery
 35359 | Vaults:2 | Killed Margery
 35478 | Vaults:2 | Noticed Norris
 35487 | Vaults:2 | Killed Norris
 35774 | Vaults:2 | Reached skill level 9 in Shapeshifting
 36030 | Vaults:3 | Gained mutation: When seriously injured, your blood forms
                  | very thick armour. (AC +0) [demonic ancestry]
 36030 | Vaults:3 | Reached XP level 20. HP: 166/166 MP: 39/39
 36403 | Vaults:3 | Found Sizaret's General Store.
 36409 | Vaults:3 | Bought a scroll of fear for 80 gold pieces
 36589 | Vaults:3 | Found a staircase to the Crypt.
 37126 | Vaults:4 | Reached skill level 10 in Shapeshifting
 37738 | Vaults:4 | Identified the +1 ring mail "Tutziom" {Rampage rN+}
 38953 | Spider:1 | Entered Level 1 of the Spider Nest
 38970 | Lair:2   | Learned a level 6 spell: Bombard
 39364 | Spider:1 | You fall into a shaft and drop 1 floor!
 40498 | Spider:2 | Gained mutation: You have a pair of large horns on your
                  | head. [demonic ancestry]
 40498 | Spider:2 | Reached XP level 21. HP: 174/174 MP: 38/41
 40616 | Spider:2 | Noticed Asterion
 40624 | Spider:2 | Killed Asterion
 41457 | Spider:3 | Noticed Aizul
 41464 | Spider:3 | Killed Aizul
 41652 | Spider:3 | Reached skill level 11 in Shapeshifting
 42090 | Spider:3 | Found the +7 hand cannon "Mule" {flame, backblast, rF+}
 42460 | Spider:4 | Entered Level 4 of the Spider Nest
 43886 | Spider:4 | Got a gossamer rune of Zot
 44380 | Vaults:5 | Entered Level 5 of the Vaults
 44437 | Vaults:5 | Reached skill level 12 in Shapeshifting
 44459 | Vaults:5 | Paralysed by a floating eye for 4 turns
 44588 | Vaults:5 | Gained mutation: You are robust. (+10% HP) [demonic
                  | ancestry]
 44588 | Vaults:5 | Reached XP level 22. HP: 127/199 MP: 8/42
 44623 | Vaults:5 | Identified the +6 long sword of the Hierophant {vamp,
                  | Dex+2}
 45226 | Vaults:5 | Identified the ring of Polytheism {Drain rN++ Will+ SInv
                  | Stlth+}
 45328 | Vaults:5 | Noticed a golden dragon
 45335 | Vaults:5 | Killed a golden dragon
 45414 | Vaults:5 | Got a silver rune of Zot
 45590 | Vaults:5 | Identified the staff of Joyful Slaughter {rF+ rN+ Will+
                  | Necro}
 45828 | Vaults:5 | Identified the +5 demon whip of Desperation {pain, Int+3}
 45899 | Vaults:5 | Noticed a golden dragon
 45903 | Vaults:5 | Killed a golden dragon
 46499 | Crypt:1  | Entered Level 1 of the Crypt
 46548 | Crypt:1  | Noticed Saint Roka
 46560 | Crypt:1  | Noticed Boris
 46795 | Depths:1 | Entered Level 1 of the Depths
 46796 | Depths:1 | Found a one-way gateway to a ziggurat.
 46797 | Depths:1 | Paralysed by a floating eye for 3 turns
 46801 | Depths:1 | Paralysed by a floating eye for 3 turns
 46806 | Depths:1 | Paralysed by a floating eye for 3 turns
 46952 | Depths:1 | Paralysed by a floating eye for 2 turns
 46975 | Depths:1 | Paralysed by a floating eye for 2 turns
 46998 | Depths:1 | Found Habuj's Book Shoppe.
 47047 | Depths:1 | Reached skill level 13 in Shapeshifting
 47095 | Depths:1 | Bought a book of Armaments for 756 gold pieces
 47274 | Depths:1 | Found a gateway to Hell.
 47570 | Depths:1 | Noticed Nikola
 47587 | Depths:1 | Killed Nikola
 47920 | Depths:2 | Found a portal to a secret trove of treasure.
 48875 | Depths:2 | Reached skill level 15 in Earth Magic
 48927 | Depths:2 | Found Big Baal Hell's Store.
 49184 | Depths:2 | Gained mutation: You are very robust. (+20% HP) [demonic
                  | ancestry]
 49184 | Depths:2 | Reached XP level 23. HP: 160/228 MP: 39/44
 49463 | Depths:2 | Found a one-way gate leading to the halls of Pandemonium.
 49978 | Depths:3 | Found a transporter.
 50018 | Depths:3 | Reached skill level 14 in Shapeshifting
 50240 | Depths:3 | Found a one-way gate to the infinite horrors of the Abyss.
 50427 | Depths:3 | Found a transporter.
 50609 | Depths:4 | Entered Level 4 of the Depths
 51183 | Depths:4 | Noticed Jory
 51232 | Depths:3 | Learned a level 8 spell: Lehudib's Crystal Spear
 51233 | Depths:3 | Upgraded the game from 0.31-a0-920-g28cbb04a8c to
                  | 0.31-a0-925-g0a390f2509
 51703 | Crypt:1  | Killed Saint Roka
 51753 | Crypt:1  | Killed Boris
 51754 | Crypt:1  | Reached skill level 15 in Armour
 52022 | Crypt:1  | Reached skill level 15 in Shields
 52666 | Crypt:2  | Reached skill level 15 in Shapeshifting
 52673 | Crypt:2  | Noticed Khufu
 52909 | Crypt:2  | Noticed a royal mummy
 53438 | Crypt:1  | Killed Khufu
 53575 | Crypt:2  | Killed a royal mummy
 53731 | Crypt:3  | Entered Level 3 of the Crypt
 53794 | Crypt:3  | Reached skill level 1 in Long Blades
 54108 | Crypt:3  | Reached skill level 16 in Shapeshifting
 54125 | Crypt:3  | Found an ancient bone altar of Kikubaaqudgha.
 54311 | Crypt:3  | Reached XP level 24. HP: 185/237 MP: 42/45
 54334 | Crypt:3  | Identified the ring of Paixairch {rN+ Int+2 Dex+3}
 54334 | Crypt:3  | Identified the ring "Bupaenwo" {rN+ Dex+6}
 54777 | Crypt:3  | Noticed an ancient lich
 54783 | Crypt:3  | Killed an ancient lich
 54807 | Crypt:3  | Found a staircase to the Tomb.
 55546 | D:3      | Bought a scroll of blinking for 75 gold pieces
 55546 | D:3      | Bought a scroll of enchant weapon for 75 gold pieces
 55546 | D:3      | Bought a scroll of torment for 95 gold pieces
 55548 | D:3      | Bought a scroll of enchant armour for 75 gold pieces
 55548 | D:3      | Bought a scroll of enchant armour for 75 gold pieces
 55671 | D:4      | Killed Syrassil's ghost
 56380 | Depths:4 | Reached skill level 5 in Long Blades
 56436 | Depths:4 | Found a shimmering blue altar of Sif Muna.
 56616 | Depths:4 | Found Dastipar's Distillery.
 56620 | Depths:4 | Bought a potion of invisibility for 160 gold pieces
 56620 | Depths:4 | Bought a potion of curing for 60 gold pieces
 56620 | Depths:4 | Bought a potion of heal wounds for 100 gold pieces
 56620 | Depths:4 | Bought a potion of heal wounds for 100 gold pieces
 56620 | Depths:4 | Bought a potion of curing for 60 gold pieces
 56620 | Depths:4 | Bought a potion of haste for 200 gold pieces
 56676 | Depths:4 | Killed Jory
 56709 | Depths:4 | Reached skill level 17 in Shapeshifting
 57142 | Depths:4 | Found a gate to the Realm of Zot.
 57274 | Zot:1    | Entered Level 1 of the Realm of Zot
 58138 | Zot:2    | Identified the "Kisottu"
 58358 | Zot:2    | Reached skill level 18 in Shapeshifting
 59058 | Zot:2    | Learned a level 9 spell: Shatter
 59704 | Zot:2    | Reached skill level 19 in Shapeshifting
 59966 | Zot:3    | Reached XP level 25. HP: 244/244 MP: 40/45
 60292 | Zot:3    | Identified the +6 hand axe "Yxtu" {flame, Contam *Noise
                  | rPois Str+6}
 60309 | Zot:3    | Reached skill level 20 in Shapeshifting
 60559 | Zot:3    | Noticed a Killer Klown
 60571 | Zot:3    | Killed a Killer Klown
 61048 | Zot:3    | Noticed a Killer Klown
 61102 | Zot:3    | Killed a Killer Klown
 61886 | Zot:4    | Reached skill level 21 in Shapeshifting
 62484 | Depths:2 | You paid a toll of +3 storm dragon scales to enter a
                  | treasure trove
 62485 | Trove    | Entered a treasure trove
 62619 | Hell     | Entered the Vestibule of Hell
 62619 | Hell     | Noticed Geryon
 63044 | Tomb:3   | Identified the "Celigoh"
 63044 | Tar:7    | Identified the "Iffamir"
 63044 | Dis:7    | Identified the "Xyoneb"
 63044 | Zig:1    | Entered Level 1 of a ziggurat
 63062 | Zig:2    | Entered Level 2 of a ziggurat
 63062 | Zig:2    | Found the dreamshard necklace {Acrobat *Dream}
 63115 | Zig:3    | Entered Level 3 of a ziggurat
 63284 | Zig:4    | Entered Level 4 of a ziggurat
 63314 | Zig:5    | Identified the "Muehia"
 63314 | Zig:5    | Entered Level 5 of a ziggurat
 63596 | Zig:5    | Identified the +7 hand axe of Ageing Woe {heavy, rPois rC+
                  | Int+2}
 63616 | Zig:6    | Entered Level 6 of a ziggurat
 63688 | Zig:6    | Identified the ring of the Gloaming {Contam rPois rC+ rCorr
                  | Int+3}
 63698 | Zig:6    | Identified the +3 plate armour of the Abyss {+Inv rElec rC-
                  | MP+9}
 63706 | Zig:6    | Identified the staff of the Noxious God {Str+4 Earth}
 63729 | Zig:7    | Identified the "Mumaov"
 63729 | Zig:7    | Entered Level 7 of a ziggurat
 63734 | Zig:7    | Noticed Baecosmy the pandemonium lord
 63743 | Zig:7    | Killed Baecosmy the pandemonium lord
 64032 | Zig:7    | Identified the +3 double sword of Boatoasi {spect, rC+
                  | rCorr Str+9 Dex-5}
 64055 | Zig:7    | Identified the of Plog (You acquired it on level 7 of a
                  | ziggurat)
 64055 | Zig:7    | Acquired the Guide on Wildfire and Wounds
 64065 | Zig:7    | Reached XP level 26. HP: 226/253 MP: 45/45
 64080 | Zig:7    | Learned a level 5 spell: Irradiate
 64086 | Zig:8    | Identified the "Cizox"
 64086 | Zig:8    | Entered Level 8 of a ziggurat
 64107 | Zig:8    | Reached skill level 22 in Shapeshifting
 64152 | Zig:8    | Identified the +4 shortbow of Suhiuh {drain, Will+++ Dex-3}
 64156 | Zig:9    | Entered Level 9 of a ziggurat
 64205 | Zig:9    | Identified the +1 hand axe of Fixoat {freeze, Will+ Str+3
                  | SInv}
 64250 | Zig:10   | Entered Level 10 of a ziggurat
 64256 | Zig:10   | Noticed Poalor's ghost (legendary GnWn)
 64274 | Zig:11   | Identified the "Puotsac"
 64274 | Zig:11   | Entered Level 11 of a ziggurat
 64280 | Zig:11   | Gained mutation: You are extremely robust. (+30% HP)
                  | [demonic ancestry]
 64280 | Zig:11   | Reached XP level 27. HP: 124/283 MP: 10/45
 64381 | Zig:11   | Identified the +2 cloak "Nuaddal" {rC++}
 64421 | Zig:12   | Entered Level 12 of a ziggurat
 64436 | Zig:12   | a Killer Klown changed into a juggernaut
 64436 | Zig:12   | Noticed a juggernaut
 64438 | Zig:12   | Noticed Ibe Gapt the pandemonium lord
 64632 | Depths:1 | Reached skill level 23 in Shapeshifting
 65760 | Hell     | Killed Geryon
 66016 | Hell     | Found a gateway to the freezing wastes of Cocytus.
 66094 | Hell     | Found a gateway to the Iron City of Dis.
 66158 | Hell     | Found a gateway to the ashen valley of Gehenna.
 66214 | Hell     | Found a gateway to the decaying netherworld of Tartarus.
 66990 | Coc:1    | Entered Level 1 of Cocytus
 67414 | Coc:3    | Paralysed by a wendigo for 1 turns
 67424 | Coc:3    | Paralysed by a wendigo for 1 turns
 67743 | Depths:3 | Voluntarily entered the Abyss.
 67918 | Abyss:1  | Paralysed by accursed screaming for 1 turns
 68137 | Abyss:1  | Found a corrupted altar of Lugonu.
 68859 | Abyss:1  | Found a corrupted altar of Lugonu.
 68870 | Abyss:1  | Found a corrupted altar of Lugonu.
 68921 | Abyss:2  | Found a corrupted altar of Lugonu.
 68921 | Abyss:2  | Found a corrupted altar of Lugonu.
 68940 | Abyss:3  | Found a corrupted altar of Lugonu.
 69076 | Abyss:3  | Found a corrupted altar of Lugonu.
 69098 | Abyss:3  | Found a corrupted altar of Lugonu.
 69476 | Abyss:3  | Found a transporter.
 69494 | Abyss:3  | Found a transporter.
 69756 | Abyss:3  | Paralysed by accursed screaming for 1 turns
 69868 | Abyss:3  | Paralysed by accursed screaming for 1 turns
 69871 | Abyss:3  | Paralysed by accursed screaming for 1 turns
 69879 | Abyss:3  | Paralysed by accursed screaming for 1 turns
 70044 | Abyss:3  | Paralysed by accursed screaming for 1 turns
 70072 | Abyss:3  | Got an abyssal rune of Zot
 70217 | Abyss:3  | Paralysed by accursed screaming for 2 turns
 70261 | Depths:3 | Escaped the Abyss
 70317 | Depths:3 | Identified the +4 ring mail of Vitt {rC+ Dex+3 SInv}
 70324 | Depths:3 | Identified the ring "Sododos" {rElec rCorr Int+6}
 70759 | Depths:3 | Identified the ring of Ohomanem {rPois Slay+4}
 71418 | Zot:5    | Entered Level 5 of the Realm of Zot
 71432 | Zot:5    | Noticed an orb of fire
 71592 | Zot:5    | Killed an orb of fire
 72357 | Zot:5    | Learned a level 8 spell: Ignition
 72424 | Zot:5    | Reached skill level 1 in Fire Magic
 72539 | Zot:5    | Noticed an ancient lich
 72584 | Zot:5    | Killed an ancient lich
 72634 | Zot:5    | Noticed an orb of fire
 72847 | Zot:5    | Killed an orb of fire
 73057 | Zot:5    | a Killer Klown changed into a juggernaut
 73057 | Zot:5    | Noticed a juggernaut
 73079 | Zot:5    | Killed a juggernaut
 73528 | Zot:5    | Noticed a dread lich
 73540 | Zot:5    | Killed a dread lich
 73553 | Zot:5    | HP: 13/283 [Orb Guardian (30)]
 74499 | Zot:5    | Noticed a dread lich
 74502 | Zot:5    | Reached skill level 5 in Fire Magic
 74510 | Zot:4    | Killed a dread lich
 74640 | Zot:5    | Noticed an orb of fire
 74654 | Zot:5    | Killed an orb of fire
 75634 | Slime:1  | Entered Level 1 of the Pits of Slime
 75912 | Slime:5  | Entered Level 5 of the Pits of Slime
 76024 | Slime:5  | Found a viscous altar of Jiyva.
 76025 | Slime:5  | Noticed the Royal Jelly
 76050 | Slime:5  | Killed the Royal Jelly
 76066 | Slime:5  | Found the ring of the Mage {Wiz Archmagi}
 76115 | Slime:5  | Got a slimy rune of Zot
 76120 | Slime:5  | Identified the staff of Glory {rElec rN+ Str+3 Necro}
 76154 | Slime:5  | Identified the +3 ring mail of Duck's Teeth {Int+4 Dex+3}
 76183 | Slime:5  | Identified the ring of Sophism {Fly rPois rF+ Str+8 Slay-2}
 76189 | Slime:5  | Identified the +0 leather armour of the Minstrel {rN++}
 76807 | Coc:3    | Paralysed by a wendigo for 1 turns
 76816 | Coc:3    | Paralysed by a wendigo for 1 turns
 76842 | Coc:5    | Noticed a dread lich
 76844 | Coc:5    | Killed a dread lich
 76860 | Coc:6    | Noticed a dread lich
 76864 | Coc:6    | Killed a dread lich
 76883 | Coc:6    | Reached skill level 10 in Fire Magic
 76950 | Coc:7    | Entered Level 7 of Cocytus
 77180 | Coc:7    | Paralysed by a wendigo for 1 turns
 77354 | Coc:7    | Noticed Antaeus
 77372 | Coc:7    | Paralysed by a wendigo for 1 turns
 77996 | Coc:7    | Killed Antaeus
 78069 | Coc:7    | Got an icy rune of Zot
 78125 | Coc:7    | Paralysed by a wendigo for 1 turns
 78133 | Coc:7    | Paralysed by a wendigo for 1 turns
 78205 | Coc:7    | Noticed a dread lich
 78215 | Coc:7    | Killed a dread lich
 78427 | Tar:1    | Entered Level 1 of Tartarus
 78503 | Tar:2    | Noticed a dread lich
 78503 | Tar:2    | Noticed an ancient lich
 78503 | Tar:2    | Noticed an ancient lich
 78510 | Hell     | Killed a dread lich
 78510 | Hell     | Killed an ancient lich
 78510 | Hell     | Killed an ancient lich
 78798 | Tar:4    | You fall into a shaft and drop 2 floors!
 79147 | Tar:7    | Entered Level 7 of Tartarus
 79154 | Tar:7    | Reached skill level 5 in Throwing
 79377 | Tar:7    | Identified the ring of Acioruimeo {Int+2 SInv}
 79382 | Tar:7    | Identified the +8 sling of the Stork {freeze, Str+3 Stlth+}
 79648 | Tar:7    | Identified the +6 mace "Q" {drain, rC- rCorr Dex-2 Stlth+}
 79784 | Tar:7    | Identified the +2 morningstar "Ommink" {holy, Fly rCorr
                  | Str-2 Int+2}
 79834 | Tar:7    | Identified the +4 longbow "Wum Isynn" {freeze, SInv}
 81001 | Tar:7    | Noticed Ereshkigal
 81011 | Tar:7    | Killed Ereshkigal
 81022 | Tar:7    | Got a bone rune of Zot
 81141 | Hell     | Learned a level 9 spell: Fire Storm
 81141 | Hell     | Upgraded the game from 0.31-a0-925-g0a390f2509 to
                  | 0.31-a0-931-g7b59d4eb97
 81205 | Dis:1    | Entered Level 1 of the Iron City of Dis
 81377 | Dis:2    | Noticed an ancient lich
 81382 | Dis:2    | Noticed a royal mummy
 81383 | Dis:2    | Killed an ancient lich
 81384 | Dis:2    | Noticed a dread lich
 81386 | Dis:2    | Killed a royal mummy
 81387 | Dis:2    | Noticed a royal mummy
 81391 | Dis:2    | Killed a dread lich
 81393 | Dis:2    | Killed a royal mummy
 81393 | Dis:2    | Noticed a royal mummy
 81406 | Dis:2    | Killed a royal mummy
 81667 | Dis:7    | Entered Level 7 of the Iron City of Dis
 81671 | Hell     | Saved by the dreamshard amulet
 82115 | Hell     | Reached skill level 24 in Shapeshifting
 82309 | Elf:2    | Bought the amulet "Tud Edgh" {Fragile rN+ Regen+ Int+4} for
                  | 748 gold pieces
 82664 | Tomb:1   | Entered Level 1 of the Tomb of the Ancients
 82665 | Tomb:1   | Noticed a royal mummy
 82665 | Tomb:1   | Noticed a royal mummy
 82676 | Tomb:1   | Killed a royal mummy
 82679 | Tomb:1   | Killed a royal mummy
 82681 | Tomb:1   | Noticed a royal mummy
 82683 | Tomb:1   | Noticed a royal mummy
 82688 | Tomb:1   | Killed a royal mummy
 82688 | Tomb:1   | Killed a royal mummy
 82690 | Tomb:1   | Noticed a royal mummy
 82693 | Tomb:1   | Noticed a royal mummy
 82695 | Tomb:1   | Noticed a royal mummy
 82697 | Tomb:1   | Killed a royal mummy
 82699 | Tomb:1   | Killed a royal mummy
 82700 | Tomb:1   | Killed a royal mummy
 82812 | Tomb:1   | Noticed a royal mummy
 82818 | Tomb:1   | Killed a royal mummy
 82819 | Tomb:1   | Noticed a royal mummy
 82825 | Tomb:1   | Noticed a royal mummy
 82827 | Tomb:1   | Killed a royal mummy
 82830 | Tomb:1   | Reached skill level 15 in Fire Magic
 82830 | Tomb:1   | Noticed a royal mummy
 82832 | Tomb:1   | Killed a royal mummy
 82838 | Tomb:1   | Killed a royal mummy
 82866 | Tomb:1   | Noticed Boris
 82869 | Tomb:1   | Killed Boris
 83018 | Tomb:1   | Noticed a royal mummy
 83019 | Tomb:1   | Noticed a royal mummy
 83022 | Tomb:1   | Killed a royal mummy
 83022 | Tomb:1   | Killed a royal mummy
 83026 | Tomb:1   | Noticed a royal mummy
 83036 | Tomb:1   | Killed a royal mummy
 83037 | Tomb:1   | Reached skill level 15 in Conjurations
 83477 | Tomb:2   | Noticed Boris
 83478 | Tomb:2   | Noticed a royal mummy
 83478 | Tomb:2   | Noticed a royal mummy
 83478 | Tomb:2   | Noticed a royal mummy
 83478 | Tomb:2   | Noticed a royal mummy
 83481 | Tomb:2   | Killed Boris
 83485 | Tomb:2   | Killed a royal mummy
 83486 | Tomb:2   | Killed a royal mummy
 83486 | Tomb:2   | Killed a royal mummy
 83486 | Tomb:2   | Killed a royal mummy
 83727 | Tomb:3   | Entered Level 3 of the Tomb of the Ancients
 83747 | Tomb:3   | Noticed a royal mummy
 83749 | Tomb:3   | Noticed a royal mummy
 83750 | Tomb:3   | Killed a royal mummy
 83750 | Tomb:3   | Noticed a royal mummy
 83750 | Tomb:3   | Noticed a royal mummy
 83750 | Tomb:3   | Noticed a royal mummy
 83750 | Tomb:3   | Noticed a royal mummy
 83751 | Tomb:3   | Noticed a royal mummy
 83752 | Tomb:3   | Noticed a royal mummy
 83754 | Tomb:3   | Killed a royal mummy
 83754 | Tomb:3   | Killed a royal mummy
 83755 | Tomb:3   | Killed a royal mummy
 83755 | Tomb:3   | Killed a royal mummy
 83755 | Tomb:3   | Killed a royal mummy
 83759 | Tomb:3   | Killed a royal mummy
 83772 | Tomb:3   | Killed a royal mummy
 83803 | Tomb:3   | Identified the +0 kite shield of Maurch {rC- Str+7 Int-5
                  | Dex+3}
 83948 | Tomb:3   | Found the +7 staff of the Meek {protect, meekguard}
 83951 | Tomb:3   | Found the +8 Wrath of Trog {antimagic, *Rage Rampage}
 83979 | Tomb:3   | Identified the ring "Rimawakh" {rF+ Str+3 Dex+3 Slay-5}
 83982 | Tomb:3   | Identified the +4 mace "Laqath" {heavy, +Blink Stlth+}
 83983 | Tomb:3   | Identified the ring of the Fool {rElec rPois AC+4 Str+3}
 83989 | Tomb:3   | Identified the staff "Naruebal" {Str+2 Conj Air}
 84015 | Tomb:3   | Identified the +6 hand axe of the Blessed Realm {heavy, rC+
                  | Str+3 Dex+3}
 84110 | Tomb:3   | Got a golden rune of Zot
 84712 | Pan      | Entered Pandemonium
 84753 | Pan      | Noticed Xefun the pandemonium lord
 84758 | Pan      | Killed Xefun the pandemonium lord
 84770 | Pan      | Got a demonic rune of Zot
 84771 | Pan      | Identified the ring "Uxyuk" {+Blink rPois Will+ Int+2}
 84775 | Pan      | Identified the +11 glaive of Loupus {drain, +Blink}
 85167 | Pan      | Found a runed translucent door.
 85749 | Pan      | Reached skill level 5 in Ice Magic
 85848 | Pan      | Noticed Ceemnuec the pandemonium lord
 85863 | Pan      | Killed Ceemnuec the pandemonium lord
 86300 | Pan      | Noticed Tifonem the pandemonium lord
 86305 | Pan      | Killed Tifonem the pandemonium lord
 87306 | Pan      | Noticed Yclal the pandemonium lord
 87316 | Pan      | Killed Yclal the pandemonium lord
 87587 | Pan      | Noticed Qosut the pandemonium lord
 87596 | Pan      | Killed Qosut the pandemonium lord
 88612 | Pan      | Identified the of Geopokupt
 88756 | Pan      | Found an exit through the horrors of the Abyss.
 89361 | Pan      | Entered the realm of Gloorx Vloq.
 89680 | Pan      | Noticed Gloorx Vloq
 89688 | Pan      | Killed Gloorx Vloq
 89709 | Pan      | Got a dark rune of Zot
 90746 | Pan      | Identified the "Eraom"
 90850 | Pan      | Found a runed translucent door.
 90856 | Pan      | Found a runed translucent door.
 90859 | Pan      | Identified the +0 robe of the Sun {Regen+ Dex+3}
 90863 | Pan      | Found a runed translucent door.
 90874 | Pan      | Found a runed translucent door.
 90904 | Pan      | Found an exit through the horrors of the Abyss.
 91493 | Pan      | Noticed Kiof the pandemonium lord
 91504 | Pan      | Killed Kiof the pandemonium lord
 91673 | Pan      | Noticed Nanax the pandemonium lord
 91688 | Pan      | Noticed Mennas
 91691 | Pan      | HP: 13/296 [Mennas/+4 trishula of holy wrath (9)]
 91691 | Pan      | Demolished by Mennas

Illustrated notes

Levels and vault maps discovered:
D:1:      ncdulo_halloftheorcs, layout_basic, serial_glass, glass_columns_c,
          glass_columns_a, solitary_fountain
D:2:      layout_basic, uniq_robin
D:3:      layout_basic, overflow_temple_1_default, marbit_many_paths,
          serial_shops, nicolae_shop_rolled_up, chequers_serial_rivers_large_a
D:4:      layout_basic, minmay_temple_entry_glass, ebering_ghost_inner_flame
D:5:      black_bear_nest_1, layout_rooms
D:6:      layout_basic, nicolae_overflow_two_pavilions
D:7:      layout_basic, nicolae_overflow_crystal_walls, serial_park_tiny_2
D:8:      layout_loops_ring, gammafunk_temple_overflow_statue
D:9:      layout_gridville, mainiacjoe_overflow_24_doors,
          grunt_lair_entry_orc_guard_hut
D:10:     layout_cave_pools, grunt_temple_overflow_champion_of_chaos,
          kennysheep_generic_room_14
D:11:     minmay_bloctagon, layout_cave_pools, uniq_psyche, uniq_lodul
D:12:     minmay_smoke_and_mirrors, layout_basic, orc_0_dummy,
          gauntlet_entry_generic, serial_shops, nicolae_stop_n_shop_2,
          nicolae_zig_zag_zippers
D:13:     layout_cave_pools, serial_shops, nicolae_shop_tiny_statue_garden,
          nicolae_figureground_pulse
D:14:     cheibrodos_quadrivalence, layout_basic, hellmonk_vaults_keyhole,
          hangedman_decor_points, eino_jars
D:15:     hangedman_depths_entry_try_elsewhere_first, layout_cross,
          nemelex_xobeh_ov_fountains_minmay, st_stairs_6, uniq_azrael,
          uniq_roxanne
Temple:   nicolae_temple_no_exploring_needed
Lair:1:   layout_loops_ring, portal_ice_cave_entry_imps, uniq_erica,
          uniq_joseph, uniq_grum
Lair:2:   nzn_winding_woodlands_cross [nzn_winding_woodlands_5x15_zeroes,
          nzn_winding_woodlands_5x15_sawtooth,
          nzn_winding_woodlands_5x15_sidewinder,
          nzn_winding_woodlands_5x15_concentric,
          nzn_winding_woodlands_15x15_five_gardens], layout_layer_cave,
          elwin_shoals_entry_rooms, nicolae_spider_entry_orb_guardian
Lair:3:   layout_chaotic_city, gammafunk_ghost_wrathful_warriors,
          evilmike_ambush [evilmike_ambush_outer_basic,
          evilmike_ambush_inner_basic], serial_bayou_shore_b, uniq_urug
Lair:4:   layout_gridlike, slime_entry_2, basic_altar
Lair:5:   hangedman_lair_caniforms_friends, layout_gridlike, wormcave,
          guppyfry_lair_drakes, uniq_kirke
Shoals:1: layout_shoals
Shoals:2: layout_shoals, serial_shops, nicolae_shop_rolling_square,
          nicolae_shoals_kraken_party
Shoals:3: layout_shoals, serial_shops, shop
Shoals:4: shoals_end_hellmonk_lost_city
Spider:1: spiders_nest_scorpion_pit
Spider:2: layout_spider_delve, uniq_asterion
Spider:3: nicolae_spider_mines_1, hangedman_spider_tarantella_strand, uniq_aizul
Spider:4: grunt_spider_rune_island
Slime:1:  layout_caves
Slime:2:  layout_caves, nicolae_slime_crime_time
Slime:3:  layout_caves
Slime:4:  layout_caves, nicolae_slime_barrier
Slime:5:  slime_pit
Orc:1:    layout_caves, bloody_makhleb, uniq_jorgrun
Orc:2:    st_orc_open, layout_caves, nicolae_orc_flooded_monolith,
          nooodl_orcs_dogs
Elf:1:    layout_gridlike, serial_shops, shop, minivault_28
Elf:2:    elven_hall_of_blades_hangedman_original
          [nicolae_blade_entry_hurt_lockers], layout_onion_city, serial_shops,
          shop, nicolae_shop_sticking_my_neck_out
Elf:3:    minmay_elf_hall_quartered_circle, layout_onion_city, serial_shops,
          nicolae_shop_real_fake_doors, shop, shop, nicolae_elf_deep_mausoleum
Vaults:1: nicolae_vaults_network_square, nicolae_vaults_windows_and_doors_thing,
          nicolae_vaults_octothorpe, v_alt_pattern_6,
          nicolae_vaults_tetromino_L_1, vaults_room_corners,
          nicolae_vaults_more_shelving_2, nicolae_vaults_alarming,
          nicolae_vaults_trapezoid_2, layout_vaults_omnigrid, serial_shops,
          bzr_entry_dummy
Vaults:2: nicolae_vaults_three_branches, nicolae_vaults_swerve,
          nicolae_vaults_trapezoid_2, nicolae_vaults_angled_halls, v_misc_18,
          nicolae_vaults_border_crossing, nicolae_vaults_closet_pinwheel_5,
          nicolae_vaults_diamond_1, grunt_vaults_hallway_short,
          layout_vaults_chaotic_city, uniq_norris, uniq_margery, uniq_xtahua
Vaults:3: minmay_crypt_entry_simple_corners, ontoclasm_vaults_chip, v_misc_33,
          ontoclasm_vaults_chip, nicolae_vaults_stepped_doors, v_misc_15,
          nicolae_vaults_lopsided_apartments, ontoclasm_vaults_ring_square,
          ontoclasm_vaults_ring_large, layout_vaults_omnibox, serial_shops,
          nicolae_shop_rolling_square
Vaults:4: nicolae_vaults_tangram_1, ontoclasm_vaults_twist,
          nicolae_vaults_spaceships, nicolae_vaults_network_barrier,
          nicolae_vaults_apartment_1, vaults_mumra_chevron,
          vaults_room_semicircle, hangedman_vaults_cutoff,
          nicolae_vaults_security_offices_4, v_misc_18,
          nicolae_vaults_tangram_2, nicolae_vaults_heart-shaped_vault,
          nicolae_vaults_asterisk, vaults_room_stairs_pillars,
          layout_vaults_maze_bifur
Vaults:5
Crypt:1:  layout_rooms, minmay_strange_pillars, st_stairs_5,
          grunt_crypt_arrival_split, uniq_saint_roka, uniq_boris
Crypt:2:  layout_rooms, uniq_khufu
Crypt:3:  grunt_crypt_end_deaths_head
Tomb:1
Tomb:2
Tomb:3
Depths:1: layout_cave_pools, enter_ziggurat_c, hell_entry,
          minmay_misc_feat_tiny, serial_shops, nicolae_shop_tiny_statue_garden,
          kennysheep_generic_room_2, uniq_nikola
Depths:2: minmay_outward_triangles, layout_honeycomb, rand_demon_pan_entry_9,
          enter_trove_0, nicolae_hell_entry_big_baal_hell, st_stairs_3
Depths:3: gammafunk_dig_for_victory, layout_cave_pools, pf_hell_entry_tar_river,
          hangedman_abyss_entry_splay
Depths:4: grunt_zot_entry_bicorn, layout_honeycomb, lemuel_doored_altar,
          hangedman_coc_ice_floe, serial_shops, shop, drop_trap, uniq_jory
Hell
Dis:1:    layout_regular_city
Dis:2:    nicolae_dis_metal_hellway, layout_jigsaw, lemuel_mystery_crypt
Dis:3:    layout_gridville, minmay_strange_pillars
Dis:4:    nicolae_dis_hell_towers
Dis:5:    layout_subdivisions
Dis:6:    layout_regular_city
Dis:7:    dis_hangedman
Coc:1:    layout_cocytus_water_paths
Coc:2:    layout_cocytus_water_paths
Coc:3:    layout_cocytus_delve
Coc:4:    layout_ice_bergs
Coc:5:    layout_cocytus_water_paths
Coc:6:    nicolae_coc_icebeans_plural [nicolae_sub_coc_subbean,
          nicolae_sub_coc_subbean, nicolae_sub_coc_subbean,
          nicolae_sub_coc_subbean], layout_cocytus_delve, serial_ice,
          serial_ice_e, serial_ice_b, serial_ice_o
Coc:7:    coc_grunt_cove [coc_grunt_cove_antaeus, coc_grunt_cove_fiend,
          coc_grunt_cove_fiend, coc_grunt_cove_fiend, coc_grunt_cove_fiend]
Tar:1:    layout_grid_maze
Tar:2:    layout_grid_maze, nicolae_tar_cuneiform_not,
          nicolae_tar_liches_on_tour
Tar:3:    layout_cathedral_of_symmetry, nicolae_tar_cuneiform_heaven
Tar:4:    layout_cathedral_of_symmetry
Tar:6:    layout_grid_maze, lemuel_nasty_fountain
Tar:7:    tar_mu [tar_mu_maze]
Zot:1:    layout_cathedral_of_symmetry, grunt_ministairs_1
Zot:2:    layout_gridlike, gammafunk_ghost_tricky_traps, hellmonk_body_bag,
          grunt_megastairs_3
Zot:3:    circus_mu, layout_onion_interference, grunt_ministairs_9,
          grunt_megastairs_2
Zot:4:    layout_basic, st_stairs_3
Zot:5:    layout_misc_corridors, hangedman_zot_decor_tridents
Pan:      evilmike_mini_pan_corridor, layout_gridlike, pan_blood_fountain_small,
          lemuel_hellion_island, layout_basic, rand_demon_9, layout_long_grid,
          nicolae_pan_door_chamber, layout_pan_divisions_a
          [pan_division_quadrant_a4, pan_division_quadrant_a3,
          pan_division_quadrant_a1, pan_division_quadrant_a2,
          pan_division_octagon_empty], evilmike_mini_pan_3x3, layout_rooms,
          grunt_pan_pentagram, layout_gridlike, nicolae_pan_mnolegish_5,
          rand_demon_1, layout_gridlike, nicolae_pan_mnolegish_2,
          evilmike_mini_pan_pillars, layout_irregular_city,
          evilmike_gloorx_vloq_box, layout_chambers,
          nicolae_pan_gloorx_vloqian_2, nicolae_the_louvre, rand_demon_7,
          layout_gridlike, grunt_pan_zigzag, layout_irregular_city,
          uniq_mennas_pan

Skill      XL: |  1  2  3  4  5  6  7  8  9 10 11 12 13 14 15 16 17 18 19 20 21 22 23 24 25 26 27 |
---------------+----------------------------------------------------------------------------------+-----
Fighting       | 1 2 3 4 6 7 8 9 10 11 12 13 14 15 16 17 18 21 | 21.0
Earth Magic    | 3 4 5 6 7 8 9 10 12 13 14 15 21 | 21.0
Conjurations   | 1 2 3 4 6 8 10 11 12 17 | 17.3
Spellcasting   | 3 4 6 7 8 9 11 12 13 14 15 16 17 18 23 | 23.9
Poison Magic   | 3 |  3.0
Transmutations | 1 2 3 |  3.0
Dodging        | 2 3 |  3.0
Stealth        | 3 |  3.0
Evocations     | 3 5 6 |  6.0
Armour         | 3 4 5 7 9 10 11 12 13 14 15 22 | 22.3
Ice Magic      | 2 3 8 |  8.2
Air Magic      | 2 3 |  3.0
Shields        | 5 6 7 8 9 10 11 12 13 14 15 20 | 20.3
Shapeshifting  | 3 5 6 9 10 12 13 16 19 21 22 24 | 24.0
Necromancy     | 3 |  3.0
Long Blades    | 3 6 |  6.0
Fire Magic     | 17 | 17.0
Throwing       | 8 |  8.3

Action                     |  1- 3 |  4- 6 |  7- 9 | 10-12 | 13-15 | 16-18 | 19-21 | 22-24 | 25-27 || total
---------------------------+-------+-------+-------+-------+-------+-------+-------+-------+-------++-------
  Melee: Unarmed           |     8 |       |       |       |       |       |       |       |       ||     8
         Punch             |     2 |       |       |       |       |       |       |       |       ||     2
         Dagger            |    12 |    20 |    14 |     5 |       |       |       |       |       ||    51
         Whip              |       |     3 |    51 |       |       |       |       |       |       ||    54
         Headbutt          |       |       |     3 |    14 |    70 |    15 |    45 |   194 |   723 ||  1064
         Falchion          |       |       |       |    37 |    62 |    39 |       |       |       ||   138
         Scimitar          |       |       |       |    10 |     7 |       |       |       |       ||    17
         Spear             |       |       |       |       |   162 |       |       |       |       ||   162
         Staff             |       |       |       |       |       |     5 |       |    50 |   108 ||   163
         Short sword       |       |       |       |       |       |     1 |   102 |     3 |     2 ||   108
         Demon blade       |       |       |       |       |       |       |       |   372 |    97 ||   469
         Double sword      |       |       |       |       |       |       |       |       |  1322 ||  1322
   Cast: Sandblast         |    42 |    67 |    58 |    44 |     5 |     6 |       |       |       ||   222
         Stone Arrow       |       |     6 |    78 |   157 |   269 |   117 |    92 |    32 |    27 ||   778
         Olgreb's Toxic Ra |       |       |     3 |    29 |    96 |    44 |    51 |     7 |       ||   230
         Ignite Poison     |       |       |     2 |    17 |    57 |    35 |    33 |     4 |       ||   148
         Freezing Cloud    |       |       |       |    16 |    96 |   136 |   144 |    85 |   148 ||   625
         Iskenderun's Myst |       |       |       |     8 |    46 |    36 |    51 |    87 |   161 ||   389
         Orb of Destructio |       |       |       |     1 |    31 |   222 |   141 |    22 |    90 ||   507
         Passwall          |       |       |       |     1 |     1 |     3 |     9 |    14 |    77 ||   105
         Lee's Rapid Decon |       |       |       |       |     6 |    49 |    59 |    92 |    79 ||   285
         Mephitic Cloud    |       |       |       |       |     4 |    31 |    14 |    14 |       ||    63
         Borgnjor's Vile C |       |       |       |       |       |       |   291 |   482 |   859 ||  1632
         Bombard           |       |       |       |       |       |       |    90 |   365 |   403 ||   858
         Lehudib's Crystal |       |       |       |       |       |       |       |    44 |   327 ||   371
         Shatter           |       |       |       |       |       |       |       |     2 |   239 ||   241
         Irradiate         |       |       |       |       |       |       |       |       |    23 ||    23
         Ignition          |       |       |       |       |       |       |       |       |   102 ||   102
         Fire Storm        |       |       |       |       |       |       |       |       |    12 ||    12
Ability: Begin Untransform |       |       |       |       |       |       |       |     1 |       ||     1
  Evoke: Wand              |       |       |       |    14 |     6 |    17 |    16 |     1 |    42 ||    96
         Lightning rod     |       |       |       |       |     2 |     3 |       |       |       ||     5
         Phantom mirror    |       |       |       |       |       |       |       |     1 |     3 ||     4
    Use: Potion            |     2 |     2 |       |     3 |       |       |     4 |     6 |    32 ||    49
         Scroll            |       |     4 |     4 |    12 |    17 |    10 |     5 |    20 |    46 ||   118
   Stab: Sleeping          |       |       |       |       |     2 |       |     3 |     1 |     1 ||     7
         Distracted        |       |       |       |       |       |       |       |     7 |    18 ||    25
         Paralysed         |       |       |       |       |       |       |       |       |     1 ||     1
 Armour: Robe              |    36 |    39 |   160 |    84 |   417 |   236 |   574 |    62 |       ||  1608
         Ring mail         |       |       |       |    44 |       |       |       |       |  1653 ||  1697
         Leather armour    |       |       |       |       |       |    32 |       |     1 |   213 ||   246
         Skin              |       |       |       |       |       |       |       |  1726 |   537 ||  2263
         Storm dragon scal |       |       |       |       |       |       |       |       |  1320 ||  1320
  Dodge: Dodged            |    25 |    40 |   157 |    64 |   262 |   125 |   203 |   742 |  1554 ||  3172
  Block: Other             |       |       |    18 |    17 |       |       |       |       |       ||    35
         Reflection        |       |       |       |     2 |    11 |    60 |    38 |    61 |   146 ||   318
         Buckler           |       |       |       |    48 |   208 |   136 |   195 |   897 |  1810 ||  3294
   Form: Statue            |       |       |       |       |       |       |     1 |     9 |     4 ||    14
                           |       |       |       |       |       |       |     1 |     5 |    19 ||    25
         Death             |       |       |       |       |       |       |       |     5 |    22 ||    27

Table legend: (Time is in decaauts)
 A = Elapsed time spent in this place.
 B = Non-inter-level travel time spent in this place.
 C = Inter-level travel time spent in this place.
 D = Time resting spent in this place.
 E = Time spent auto-exploring this place.
 F = Levels seen in this place.
 G = Mean time per level.
                   A        B        C        D        E       F      G
               +--------+--------+--------+--------+--------+-----+--------+
         Total | 100816 |  90985 |   9831 |  17441 |  42465 | 110 |  916.5 |
       Dungeon |  17224 |  14358 |   2866 |   1644 |  10043 |  15 | 1148.3 |
        Temple |     14 |      7 |      7 |      0 |      0 |   1 |   14.0 |
          Lair |   7204 |   6340 |    864 |    588 |   4374 |   5 | 1440.8 |
        Shoals |   4467 |   4257 |    210 |    381 |   2748 |   4 | 1116.8 |
   Spider Nest |   5040 |   4811 |    229 |   1017 |   2696 |   4 | 1260.0 |
    Slime Pits |    745 |    700 |     45 |    125 |      0 |   5 |  149.0 |
  Orcish Mines |   1361 |   1114 |    247 |     44 |    818 |   2 |  680.5 |
   Elven Halls |   4503 |   4229 |    274 |    208 |   2857 |   3 | 1501.0 |
        Vaults |   9958 |   8105 |   1853 |   1357 |   4937 |   5 | 1991.6 |
         Crypt |   5291 |   4775 |    516 |   1181 |   1129 |   3 | 1763.7 |
          Tomb |   1724 |   1642 |     82 |     40 |    723 |   3 |  574.7 |
        Depths |  11896 |  10700 |   1196 |   3474 |   4026 |   4 | 2974.0 |
          Hell |   2159 |   1988 |    171 |    905 |    596 |   1 | 2159.0 |
           Dis |    471 |    460 |     11 |     51 |      0 |   7 |   67.3 |
       Cocytus |   1835 |   1774 |     61 |    484 |      0 |   7 |  262.1 |
      Tartarus |   2607 |   2254 |    353 |    361 |    447 |   6 |  434.5 |
           Zot |  11774 |  10934 |    840 |   4100 |   2449 |   5 | 2354.8 |
         Abyss |   2623 |   2623 |      0 |    139 |      0 |   3 |  874.3 |
   Pandemonium |   7054 |   7054 |      0 |    222 |   4338 |  11 |  641.3 |
      Ziggurat |   1407 |   1407 |      0 |    664 |     85 |  12 |  117.2 |
        Bazaar |    121 |    121 |      0 |      0 |     53 |   1 |  121.0 |
         Trove |     57 |     57 |      0 |      0 |      0 |   1 |   57.0 |
      Ice Cave |    526 |    526 |      0 |    104 |      0 |   1 |  526.0 |
      Gauntlet |    745 |    745 |      0 |    349 |    141 |   1 |  745.0 |
               +--------+--------+--------+--------+--------+-----+--------+

Top non-repeatable levels by time:
Depths:1: 3821 daAuts
Depths:2: 3692 daAuts
   Zot:4: 3427 daAuts
   Zot:2: 2573 daAuts
Vaults:1: 2468 daAuts
   Zot:3: 2333 daAuts
Vaults:3: 2302 daAuts
Depths:3: 2294 daAuts
 Crypt:1: 2230 daAuts
    Hell: 2159 daAuts
 Crypt:3: 2104 daAuts
Depths:4: 2088 daAuts
   Zot:5: 2058 daAuts
   Tar:7: 2005 daAuts
  Lair:2: 1935 daAuts
